 Dungeon Crawl Stone Soup version 0.30.1-3-gfc49f6343a (webtiles) character file.

Game seed: 16956814158918303779

59 shmup the Firebug (level 4, -11/24 HPs)
             Began as a Tengu Fire Elementalist on July 27, 2023.
             Mangled by Terence
             ... wielding a +0 flail
              (12 damage)
             ... on level 2 of the Dungeon.
             The game lasted 00:03:45 (1767 turns).

shmup the Firebug (Tengu Fire Elementalist)         Turns: 1767, Time: 00:03:46

Health: -11/24     AC:  2    Str:  9    XL:     4   Next: 3%
Magic:  0/8        EV: 12    Int: 17    God:
Gold:   88         SH:  0    Dex: 14    Spells: 4/7 levels left

rFire   . . .        e - +2 dagger (vamp)
rCold   . . .        (no shield)
rNeg    . . .        a - +0 robe
rPois   .            (helmet restricted)
rElec   .            (no cloak)
rCorr   .            (no gloves)
SInv    .            (boots unavailable)
Will    .....        (no amulet)
Stlth   ++           (no ring)
HPRegen 0.24/turn    (no ring)
MPRegen 0.11/turn

%: no passive effects
@: no status effects
A: beak, talons 3
a: no special abilities


You were on level 2 of the Dungeon.
You visited 1 branch of the dungeon, and saw 2 of its levels.

You collected 88 gold pieces.

Inventory:

Hand Weapons
 e - a +2 vampiric dagger (weapon)
Missiles
 d - 4 boomerangs
 f - 23 stones
 j - 2 throwing nets
 o - 3 poisoned darts
Armour
 a - a +0 robe (worn)
Magical Staves
 i - a staff of death
Wands
 n - a wand of mindburst (11)
Scrolls
 c - 2 scrolls of identify
 g - a scroll of enchant armour {unknown}
 l - a scroll of immolation
Potions
 b - a potion of magic
 h - 2 potions of haste
 k - a potion of brilliance {unknown}
 m - 2 potions of degeneration {unknown}


   Skills:
 - Level 2.1 Dodging
 - Level 2.0 Stealth
 - Level 2.0 Spellcasting
 + Level 3.0 Conjurations
 * Level 4.7 Fire Magic


You had 4 spell levels left.
You knew the following spells:

 Your Spells              Type           Power      Damage    Failure   Level
a - Foxfire               Conj/Fire      56%        2x1d6     4%          1
b - Scorch                Fire           34%        2d6       4%          2

Your spell library contained the following spells:

 Spells                   Type           Power      Damage    Failure   Level
 Beastly Appendage        Tmut           2%         N/A       19%         1
 Inner Flame              Hex/Fire       9%         N/A       22%         3
 Volatile Blastmotes      Fire/Tloc      18%        2d11      22%         3
 Wereblood                Tmut           1%         N/A       28%         2
 Flame Wave               Conj/Fire      14%        2d6       36%         4
 Spider Form              Tmut/Pois      1%         N/A       50%         3
 Vhi's Electric Charge    Tloc/Air       2%         N/A       50%         3
 Arcjolt                  Conj/Air       3%         1d13      96%         5
 Maxwell's Capacitive Co  Air            0%         death     100%        8


Dungeon Overview and Level Annotations

Branches:
Dungeon (2/15)

Altars:

Annotations:
D:2 1 runed translucent door, Crazy Yiuf, Terence


Innate Abilities, Weirdness & Mutations

You have a beak for a mouth.
You have claws for feet.


Message History

You hit Terence but do no damage. Your kick misses Terence.
Terence closely misses you.
You hit Terence but do no damage. You claw Terence, but do no damage.
Terence barely misses you.
You hit Terence but do no damage. You claw Terence, but do no damage.
You peck Terence.
Terence is lightly wounded.
Terence misses you.
You hit Terence but do no damage. Your peck misses Terence.
Terence is lightly wounded.
Terence hits you with a +0 flail.
* * * LOW HITPOINT WARNING * * *
You hit Terence.
You feel better.
Terence is moderately wounded.
Terence closely misses you.
Your magical contamination has completely faded away.
You closely miss Terence.
Terence is moderately wounded.
Terence hits you with a +0 flail.
* * * LOW HITPOINT WARNING * * *
You hit Terence. You claw Terence.
Terence is heavily wounded.
Terence hits you with a +0 flail!
* * * LOW HITPOINT WARNING * * *
Casting: Scorch (safe; 4% risk of failure)
Confirm with . or Enter, or press ? or * to list all spells.
Flames lash Terence.
Terence is almost dead.
Terence's fire resistance burns away.
Terence hits you with a +0 flail.
* * * LOW HITPOINT WARNING * * *
Unknown command.
You hit Terence.
You feel better.
You peck Terence, but do no damage.
Terence is almost dead.
Terence hits you with a +0 flail.
* * * LOW HITPOINT WARNING * * *
You hit Terence but do no damage.
Terence is almost dead.
Terence hits you with a +0 flail!
Ouch! That really hurt!
You die...

▒.....▒ ▒.▒ ▒.▒
.......▒ ▒.▒ ▒.▒
▒.....▒▒ ▒.▒ ▒)▒
▒▒...▒▒ ▒.▒ ▒.▒
▒▒..▒▒ ▒.▒ ▒.▒ ▒
.▒ ▒.▒ ▒.▒ ▒ ▒
▒.▒ ▒.▒
▒▒▒▒▒▒▒.▒▒▒▒.▒
.......%@Q...▒
▒▒▒▒▒▒▒▒▒▒.▒▒▒▒▒▒
▒..[....>..▒
▒.▒▒▒▒▒▒▒▒▒▒ ▒.▒
▒@▒ ▒.▒ ▒.▒▒▒▒
▒...h▒


You could see Terence (combustible).

Vanquished Creatures
  An adder (D:2)
  A worm (D:2)
  A dart slug (D:1)
  3 ball pythons
  3 bats
  3 endoplasms
  2 giant cockroaches
  5 goblins
  4 hobgoblins
  6 jackals (D:2)
  2 quokkas
  3 frilled lizards (D:1)
  4 kobolds (D:1)
  A rat (D:2)
39 creatures vanquished.

Vanquished Creatures (others)
  81 foxfires
81 creatures vanquished.

Grand Total: 120 creatures vanquished

Notes
Turn   | Place    | Note
-------+----------+-------------------------------------------
     0 | D:1      | shmup the Tengu Fire Elementalist began the quest for the
                  | Orb.
     0 | D:1      | Reached XP level 1. HP: 10/10 MP: 4/4
   208 | D:1      | Reached XP level 2. HP: 15/15 MP: 0/6
   211 | D:1      | Learned a level 2 spell: Scorch
   625 | D:1      | Reached skill level 4 in Fire Magic
  1002 | D:2      | Reached XP level 3. HP: 19/19 MP: 5/7
  1105 | D:2      | Found a runed translucent door.
  1106 | D:2      | Noticed Crazy Yiuf
  1695 | D:2      | Noticed Terence
  1756 | D:2      | Reached XP level 4. HP: 18/24 MP: 5/8
  1765 | D:2      | HP: 1/24 [Terence/+0 flail (5)]
  1767 | D:2      | Mangled by Terence

Illustrated notes

Levels and vault maps discovered:
D:1:      dpeg_arrival_rhombus, layout_loops_ring
D:2:      layout_loops_ring, hellmonk_ecumenical_altar_blasted,
          uniq_crazy_yiuf_cottage, uniq_terence

Skill      XL: |  1  2  3 |
---------------+----------+-----
Conjurations   | 2 3 |  3.0
Fire Magic     | 4 |  4.7
Dodging        | |  2.1
Stealth        | |  2.0
Spellcasting   | |  2.0

Action                     |  1- 3 |  4- 6 || total
---------------------------+-------+-------++-------
  Melee: Dagger            |    22 |     9 ||    31
         Kick              |     5 |     3 ||     8
         Peck              |     3 |     2 ||     5
   Cast: Foxfire           |    47 |       ||    47
         Scorch            |     1 |     2 ||     3
    Use: Scroll            |     1 |       ||     1
 Armour: Robe              |    11 |       ||    11
  Dodge: Dodged            |    46 |     5 ||    51
